[Event "January 9 Early 2024"]
[Site "https://www.chess.com"]
[Date "2024.01.11"]
[Round "2"]
[White "Antunez Soler, Luis"]
[Black "Alekseenko, Kirill"]
[Result "0-1"]
[Board "143"]
[TimeControl "180+1"]
[WhiteFideId "3513335"]
[BlackFideId "4135539"]
[WhiteElo "2608"]
[BlackElo "2926"]
[WhiteTeam "CUB"]
[BlackTeam "AUT"]
[WhiteClock "0:00:27"]
[BlackClock "0:00:29"]

1. e4 c5 2. Nf3 Nc6 3. Bb5 g6 4. c3 Bg7 5. d4 a6 6. Ba4 b5 7. Bc2 cxd4 8. cxd4 d6 9. d5 Nb8 10. h3 Nf6 11. O-O O-O 12. Re1 Nbd7 13. Nc3 Bb7 14. Nd4 Rc8 15. a4 b4 16. Na2 a5 17. Be3 Nc5 18. f3 Nfd7 19. Nc1 Ne5 20. Qe2 Ba6 21. Nb5 Ncd7 22. Bd4 Nc4 23. Bxg7 Kxg7 24. Bd3 Qb6+ 25. Kh2 Nce5 26. f4 Nxd3 27. Qxd3 Nc5 28. Qe2 Nxa4 29. Rxa4 Bxb5 30. Qd1 Rxc1 31. Qxc1 Bxa4 32. e5 Bd7 33. e6 fxe6 34. dxe6 Bc6 35. Qd2 Qc5 36. Rd1 a4 37. h4 a3 38. bxa3 bxa3 39. Ra1 Qd5 40. Qxd5 Bxd5 41. Rxa3 Rxf4 0-1

[Event "January 9 Early 2024"]
[Site "https://www.chess.com"]
[Date "2024.01.11"]
[Round "2"]
[White "Svane, Rasmus"]
[Black "Iskusnyh, Sergei"]
[Result "1-0"]
[Board "144"]
[TimeControl "180+1"]
[WhiteFideId "4657101"]
[BlackFideId "4120027"]
[WhiteElo "3017"]
[BlackElo "2654"]
[WhiteTeam "GER"]
[BlackTeam "RUS"]
[WhiteClock "0:00:16"]
[BlackClock "0:00:12"]

1. Nf3 d5 2. g3 Nf6 3. Bg2 c6 4. O-O Bf5 5. c4 e6 6. Qb3 Qb6 7. d3 Be7 8. cxd5 exd5 9. Qc2 O-O 10. Nc3 h6 11. e4 dxe4 12. dxe4 Bh7 13. Be3 Qa5 14. h3 Re8 15. Nd4 Nbd7 16. a3 Bf8 17. Rfe1 Nd5 18. Bd2 Nxc3 19. Bxc3 Qb6 20. Rad1 Nf6 21. Nb3 Nxe4 22. Bxe4 Bxe4 23. Rxe4 Rxe4 24. Qxe4 Qxb3 25. Rd7 a5 26. h4 a4 27. g4 Bxa3 28. g5 hxg5 29. hxg5 Bxb2 30. g6 fxg6 31. Rxg7+ Kh8 32. Qh4# 1-0

[Event "January 9 Early 2024"]
[Site "https://www.chess.com"]
[Date "2024.01.11"]
[Round "2"]
[White "Bortnyk, Olexandr"]
[Black "Rosen, Eric"]
[Result "1-0"]
[Board "145"]
[TimeControl "180+1"]
[WhiteFideId "14120828"]
[BlackFideId "2032562"]
[WhiteElo "3120"]
[BlackElo "2677"]
[WhiteTeam "UKR"]
[BlackTeam "USA"]
[WhiteClock "0:00:54"]
[BlackClock "0:00:18"]

1. e4 c5 2. c3 d5 3. exd5 Qxd5 4. d4 Nf6 5. Be3 cxd4 6. cxd4 e6 7. Nc3 Qd6 8. Nf3 Be7 9. a3 O-O 10. Bc4 Nbd7 11. O-O Nb6 12. Bd3 Nbd5 13. Rc1 b6 14. Ne5 Bb7 15. Bg5 h6 16. Bd2 Rfd8 17. Nb5 Qb8 18. Qe2 a6 19. Nc3 Qd6 20. Ne4 Nxe4 21. Qxe4 f5 22. Qe2 Bf6 23. Rfe1 Re8 24. Qh5 Bxe5 25. dxe5 Qe7 26. Be2 Qf7 27. Qxf7+ Kxf7 28. Bh5+ g6 29. Bf3 h5 30. Bxd5 Bxd5 31. Rc7+ Re7 32. Rec1 Rd8 33. Rxe7+ Kxe7 34. Bg5+ Kd7 35. Bxd8 Kxd8 36. f4 Kd7 37. Kf2 h4 38. Rc3 Ke7 39. Rh3 g5 40. fxg5 Kf7 41. Rxh4 Kg6 42. Rd4 Kxg5 43. h4+ Kh5 44. Rxd5 exd5 45. e6 Kg6 46. h5+ Kf6 47. h6 Kxe6 48. h7 a5 49. h8=Q Kd7 50. Qf6 Kc7 51. Ke3 a4 52. Qxf5 Kb7 53. Qxd5+ Ka7 54. Qb5 Kb7 55. Kd4 Ka8 56. Qa6+ 1-0

[Event "January 9 Early 2024"]
[Site "https://www.chess.com"]
[Date "2024.01.11"]
[Round "2"]
[White "Djokic, Mihailo"]
[Black "Erigaisi Arjun"]
[Result "0-1"]
[Board "146"]
[TimeControl "180+1"]
[WhiteFideId "976440"]
[BlackFideId "35009192"]
[WhiteElo "2657"]
[BlackElo "3028"]
[WhiteTeam "SRB"]
[BlackTeam "IND"]
[WhiteClock "0:00:11"]
[BlackClock "0:00:47"]

1. d4 d6 2. Nf3 g6 3. g3 Bg7 4. Bg2 Nc6 5. O-O Bd7 6. Nc3 Qc8 7. Re1 Bh3 8. Bh1 h5 9. Bg5 h4 10. d5 hxg3 11. fxg3 Ne5 12. Nd4 Qg4 13. Bf4 g5 14. Be3 Qh5 15. Nf3 Bg4 16. h4 gxh4 17. Nxh4 Ng6 18. Bf2 Nxh4 19. gxh4 Bf6 20. Qd3 Bxh4 21. Qb5+ Bd7 22. Qxb7 Qg4+ 23. Bg2 Bxf2+ 24. Kxf2 Qf4+ 25. Kg1 Qe3+ 26. Kf1 Qf4+ 27. Kg1 Rd8 28. e3 Qh2+ 29. Kf2 Rh5 30. e4 Nf6 31. Rg1 Ng4+ 32. Ke2 Qg3 33. Qxa7 Rh2 34. Raf1 Rxg2+ 0-1

[Event "January 9 Early 2024"]
[Site "https://www.chess.com"]
[Date "2024.01.11"]
[Round "2"]
[White "Maksimovic, Bojan"]
[Black "Sanhueza, Cristian"]
[Result "1-0"]
[Board "147"]
[TimeControl "180+1"]
[WhiteFideId "14408120"]
[BlackFideId "116815"]
[WhiteElo "2907"]
[BlackElo "2596"]
[WhiteTeam "BIH"]
[BlackTeam "ARG"]
[WhiteClock "0:00:12"]
[BlackClock "0:00:14"]

1. e4 e5 2. Nf3 Nc6 3. Bb5 a6 4. Ba4 Nf6 5. O-O Nxe4 6. d4 exd4 7. Re1 d5 8. Nxd4 Bd6 9. Nxc6 Bxh2+ 10. Kh1 Qh4 11. Rxe4+ dxe4 12. Qd8+ Qxd8 13. Nxd8+ Kxd8 14. Kxh2 Be6 15. c3 Ke7 16. Bf4 c6 17. Nd2 f5 18. f3 exf3 19. Nxf3 h6 20. Re1 Kf6 21. Be5+ Kf7 22. Nd4 Bxa2 23. Nxf5 Rad8 24. Nd6+ Kg6 25. Bc2+ Kh5 26. Kh3 Be6+ 27. Kg3 Rhf8 28. Bf4 Rxf4 29. Kxf4 Rxd6 30. Rh1+ 1-0

[Event "January 9 Early 2024"]
[Site "https://www.chess.com"]
[Date "2024.01.11"]
[Round "2"]
[White "Rozum, Ivan"]
[Black "Olsson, Linus"]
[Result "0-1"]
[Board "148"]
[TimeControl "180+1"]
[WhiteFideId "24104272"]
[BlackFideId "1706098"]
[WhiteElo "2662"]
[BlackElo "2513"]
[WhiteTeam "RUS"]
[BlackTeam "SWE"]
[WhiteClock "0:00:01"]
[BlackClock "0:00:39"]

1. b3 d6 2. Bb2 e5 3. c4 Nf6 4. g3 g6 5. Bg2 Bg7 6. d3 O-O 7. Nf3 c6 8. O-O h6 9. e4 Nh7 10. d4 Nd7 11. Re1 Ng5 12. Nbd2 Qe7 13. Qc2 Ne6 14. d5 Nd4 15. Nxd4 exd4 16. b4 a5 17. a3 axb4 18. axb4 Rxa1 19. Bxa1 c5 20. Nb3 b6 21. f4 Re8 22. Bf3 h5 23. Kg2 Nf6 24. Re2 Bg4 25. h3 Bxf3+ 26. Kxf3 Qd7 27. Kg2 h4 28. bxc5 bxc5 29. e5 Nh5 30. e6 Qe7 31. Nc1 hxg3 32. Nd3 fxe6 33. Rxe6 Qf7 34. Qe2 Rxe6 35. dxe6 Qb7+ 36. Qf3 Qxf3+ 37. Kxf3 Kf8 38. Ne1 Ke7 0-1

[Event "January 9 Early 2024"]
[Site "https://www.chess.com"]
[Date "2024.01.11"]
[Round "2"]
[White "Latreche, Khadidja"]
[Black "Kubicka, Anna"]
[Result "0-1"]
[Board "149"]
[TimeControl "180+1"]
[WhiteFideId "7901780"]
[BlackFideId "1152254"]
[WhiteElo "2138"]
[BlackElo "2453"]
[WhiteTeam "ALG"]
[BlackTeam "POL"]
[WhiteClock "0:00:04"]
[BlackClock "0:00:24"]

1. e4 c5 2. Nf3 d6 3. d4 cxd4 4. Nxd4 Nf6 5. f3 e5 6. Nb3 a5 7. a4 d5 8. Bg5 d4 9. c3 Nc6 10. Bb5 Bd7 11. cxd4 Nxd4 12. Nxd4 Bb4+ 13. Ke2 exd4 14. Bxf6 Bxb5+ 15. axb5 Qxf6 16. Qd3 O-O 17. Na3 Rac8 18. Rac1 Rxc1 19. Rxc1 Qg5 20. Rg1 f5 21. e5 Qf4 22. Nc4 Qxh2 23. Qxd4 Kh8 24. Kf2 Rc8 25. Qd7 Bc5+ 26. Ke2 Rg8 27. Nd6 Qxe5+ 28. Kd3 Qd4+ 29. Ke2 Qe3+ 30. Kd1 Qxg1+ 31. Kc2 Qf2+ 0-1

[Event "January 9 Early 2024"]
[Site "https://www.chess.com"]
[Date "2024.01.11"]
[Round "2"]
[White "Syaputra, Arifa Rizki"]
[Black "Gutkin, Ilya"]
[Result "1-0"]
[Board "150"]
[TimeControl "180+1"]
[WhiteFideId "7105100"]
[BlackFideId "16203470"]
[WhiteElo "2726"]
[BlackElo "2331"]
[WhiteTeam "INA"]
[BlackTeam "GER"]
[WhiteClock "0:00:24"]
[BlackClock "0:00:02"]

1. d4 e6 2. Nf3 Nf6 3. Bg5 c5 4. e3 h6 5. Bh4 Be7 6. Nbd2 O-O 7. Bd3 d5 8. c3 b6 9. Qe2 a5 10. Ne5 Nfd7 11. Bxe7 Qxe7 12. f4 Ba6 13. Bxa6 Nxa6 14. O-O Nc7 15. a4 Qd6 16. Rf3 f5 17. Rg3 Nxe5 18. fxe5 Qd7 19. Qh5 Kh8 20. Nf3 Qf7 21. Rg6 Ra7 22. Rf1 Na6 23. Ng5 Qe8 24. Nxe6 Rff7 25. Rxf5 Rxf5 26. Qxf5 Rf7 27. Qh5 Qxa4 28. Rxh6+ gxh6 29. Qxf7 Qd1+ 30. Kf2 1-0

[Event "January 9 Early 2024"]
[Site "https://www.chess.com"]
[Date "2024.01.11"]
[Round "2"]
[White "Carow, Johannes"]
[Black "Paikens, Reinis"]
[Result "1-0"]
[Board "151"]
[TimeControl "180+1"]
[WhiteFideId "24692050"]
[BlackFideId "11624078"]
[WhiteElo "2712"]
[BlackElo "2257"]
[WhiteTeam "GER"]
[BlackTeam "LAT"]
[WhiteClock "0:00:15"]
[BlackClock "0:00:11"]

1. d4 d5 2. c4 c6 3. Nc3 Nf6 4. e3 e6 5. Nf3 Be7 6. Qc2 Nbd7 7. Bd3 dxc4 8. Bxc4 b5 9. Bd3 Bb7 10. e4 b4 11. Na4 Rc8 12. Be3 Qa5 13. Nd2 e5 14. Nc4 Qc7 15. dxe5 Ng4 16. f4 Nxe3 17. Nxe3 c5 18. Nd5 Qa5 19. b3 c4 20. Bxc4 Ba6 21. Nb2 Bc5 22. Bxa6 Qxa6 23. Nc4 O-O 24. Rd1 Nb6 25. Ndxb6 axb6 26. Qe2 Ra8 27. Rd2 Rfd8 28. Nd6 Qa3 29. Qd1 f6 30. Rc2 fxe5 31. Qd5+ 1-0

[Event "January 9 Early 2024"]
[Site "https://www.chess.com"]
[Date "2024.01.11"]
[Round "2"]
[White "Ranaldi, Lucas"]
[Black "Silva, Pedro Gil Ferreira Da"]
[Result "1-0"]
[Board "152"]
[TimeControl "180+1"]
[WhiteFideId "1519484"]
[BlackFideId "1946102"]
[WhiteElo "2685"]
[BlackElo "2395"]
[WhiteTeam "NOR"]
[BlackTeam "POR"]
[WhiteClock "0:00:08"]
[BlackClock "0:00:11"]

1. Nf3 Nf6 2. c4 c5 3. g3 g6 4. Bg2 Bg7 5. O-O O-O 6. Nc3 d5 7. cxd5 Nxd5 8. Nxd5 Qxd5 9. d3 Qd6 10. Bf4 e5 11. Be3 Nc6 12. Nd2 b6 13. b4 cxb4 14. Rc1 Bd7 15. Qb3 Rac8 16. Ne4 Qe6 17. Qxe6 Bxe6 18. Nd6 Nd4 19. Nxc8 Nxe2+ 20. Kh1 Nxc1 21. Ne7+ Kh8 22. Rxc1 Bxa2 23. Bd5 b3 24. Rc3 e4 25. d4 b5 26. Rc5 a6 27. Rc6 a5 28. Rc5 a4 29. Rxb5 Rd8 30. Bxf7 Bxd4 31. Nc6 Rf8 32. Bxd4# 1-0

[Event "January 9 Early 2024"]
[Site "https://www.chess.com"]
[Date "2024.01.11"]
[Round "2"]
[White "Hayrapetyan, Hovik"]
[Black "Jeet, Jain"]
[Result "1-0"]
[Board "153"]
[TimeControl "180+1"]
[WhiteFideId "13302639"]
[BlackFideId "5073022"]
[WhiteElo "2812"]
[BlackElo "2545"]
[WhiteTeam "ARM"]
[BlackTeam "IND"]
[WhiteClock "0:00:15"]
[BlackClock "0:00:10"]

1. d4 d5 2. c4 c6 3. Nf3 Nf6 4. Nc3 e6 5. e3 Nbd7 6. Bd3 Be7 7. e4 dxe4 8. Nxe4 Nxe4 9. Bxe4 Nf6 10. Bc2 O-O 11. O-O h6 12. b3 c5 13. Bb2 cxd4 14. Bxd4 b6 15. Qe2 Bb7 16. Rad1 Qc8 17. Ne5 Rd8 18. Ba1 Qc5 19. Rfe1 Rxd1 20. Bxd1 Rd8 21. Bc2 Qb4 22. Nxf7 Re8 23. Qxe6 Bc5 24. Nxh6+ Kh8 25. Qg8+ 1-0

[Event "January 9 Early 2024"]
[Site "https://www.chess.com"]
[Date "2024.01.11"]
[Round "2"]
[White "Thake, Conrad"]
[Black "Novak, Ratko"]
[Result "0-1"]
[Board "154"]
[TimeControl "180+1"]
[WhiteFideId "5602947"]
[BlackFideId "14511827"]
[WhiteElo "1838"]
[BlackElo "2428"]
[WhiteTeam "MLT"]
[BlackTeam "CRO"]
[WhiteClock "0:00:01"]
[BlackClock "0:01:14"]

1. c4 c6 2. Nc3 d5 3. d4 f6 4. g3 dxc4 5. Bg2 e5 6. d5 cxd5 7. Bxd5 Nc6 8. Bxc4 Qxd1+ 9. Kxd1 Bg4 10. h3 O-O-O+ 11. Bd2 Bh5 12. Nf3 Bxf3 13. exf3 Bb4 14. a3 Bxc3 15. bxc3 Nge7 16. Kc2 Kc7 17. Rab1 Rd6 18. Be3 Rhd8 19. Rhd1 Rxd1 20. Rxd1 Rxd1 21. Kxd1 b6 22. Kc2 Kd6 23. f4 e4 24. Be2 Nd5 25. Bc1 f5 26. c4 Nd4+ 27. Kd2 Nxe2 28. Kxe2 Nc7 29. Bb2 g6 30. Bd4 Kc6 31. Ke3 Ne8 32. f3 exf3 33. Kxf3 Nd6 34. g4 Nxc4 35. a4 Kd5 36. Bf6 Nd2+ 37. Ke3 Ne4 38. Bd8 Nc5 39. a5 bxa5 40. Bxa5 Kc4 41. gxf5 gxf5 42. Kf3 Kd3 43. Bd8 Nb7 44. Bf6 a5 45. Kg3 Ke4 46. Be5 Nc5 47. Kh4 Nd3 48. Bc7 a4 49. Bd6 Nxf4 50. Kg3 Nd3 51. h4 f4+ 52. Kg2 f3+ 53. Kf1 h5 0-1

[Event "January 9 Early 2024"]
[Site "https://www.chess.com"]
[Date "2024.01.11"]
[Round "2"]
[White "Narayanan S L"]
[Black "Timerkhanov, Alexander"]
[Result "1/2-1/2"]
[Board "155"]
[TimeControl "180+1"]
[WhiteFideId "5058422"]
[BlackFideId "24177938"]
[WhiteElo "3017"]
[BlackElo "2663"]
[WhiteTeam "IND"]
[BlackTeam "RUS"]
[WhiteClock "0:00:57"]
[BlackClock "0:00:37"]

1. b3 d5 2. Bb2 Nf6 3. e3 g6 4. c4 c6 5. Nf3 Bg7 6. g3 O-O 7. Bg2 a5 8. Nc3 Ne4 9. Qc2 Bf5 10. Nxe4 Bxe4 11. Qc1 Bxb2 12. Qxb2 dxc4 13. bxc4 b5 14. cxb5 cxb5 15. O-O Na6 16. Rfc1 Nb4 17. Ne1 Bxg2 18. Kxg2 Qd5+ 19. Kg1 Rfc8 20. a3 Nd3 21. Nxd3 Qxd3 22. Rab1 Rab8 23. h4 Rd8 24. Rc5 b4 25. Rxa5 bxa3 26. Qxb8 Rxb8 27. Rxb8+ Kg7 28. Rba8 Qxd2 29. Rxa3 Qd1+ 30. Kh2 Qf3 31. Ra2 h6 32. R8a4 g5 33. Rd2 e6 34. Rad4 Kf6 35. Kg1 Kg6 36. hxg5 hxg5 37. e4 e5 38. Rd6+ f6 39. Ra6 Qxe4 40. Rdd6 Qe1+ 41. Kg2 Qe4+ 42. Kh2 Qf3 43. Rxf6+ Qxf6 44. Rxf6+ Kxf6 45. Kg2 Kf5 46. Kf3 e4+ 47. Ke2 Ke5 48. Ke3 Kd5 49. f3 exf3 50. Kxf3 Ke5 51. Kg4 Kf6 52. Kh5 Kf5 53. Kh6 Kg4 54. Kg6 Kxg3 55. Kxg5 1/2-1/2

[Event "January 9 Early 2024"]
[Site "https://www.chess.com"]
[Date "2024.01.11"]
[Round "2"]
[White "Rustemov, Alexander"]
[Black "Haraguchi, Diego Sashaki"]
[Result "1-0"]
[Board "156"]
[TimeControl "180+1"]
[WhiteFideId "4119002"]
[BlackFideId "22729925"]
[WhiteElo "2798"]
[BlackElo "2537"]
[WhiteTeam "RUS"]
[BlackTeam "BRA"]
[WhiteClock "0:00:56"]
[BlackClock "0:00:04"]

1. d4 Nf6 2. c4 e6 3. Nf3 d5 4. cxd5 exd5 5. Nc3 Bb4 6. Qa4+ Nc6 7. Bg5 Be6 8. e3 O-O 9. Bb5 Be7 10. Bxc6 bxc6 11. Ne5 c5 12. Nc6 Qe8 13. Nxe7+ Qxe7 14. Qa3 Rfb8 15. O-O h6 16. Bh4 g5 17. Bg3 Rb7 18. b3 c6 19. Qxc5 Qxc5 20. dxc5 a5 21. Na4 Ne4 22. Be5 f6 23. Bd4 g4 24. f3 gxf3 25. gxf3 Rg7+ 26. Kh1 Bh3 27. fxe4 Bg2+ 28. Kg1 Bxf1+ 29. Kxf1 dxe4 30. Kf2 Kf7 31. Rg1 Rxg1 32. Kxg1 Ke6 33. Nb6 Ra7 34. a4 h5 35. Kf2 h4 36. Nc4 h3 37. Kg3 Rh7 38. Nxa5 f5 39. Nxc6 Kd5 40. Nb4+ Ke6 41. c6 Kd6 42. a5 Rh6 43. a6 Rg6+ 44. Kxh3 Rg8 45. a7 Kc7 46. Nd5+ Kxc6 47. Nb6 Kb7 48. a8=Q+ 1-0

[Event "January 9 Early 2024"]
[Site "https://www.chess.com"]
[Date "2024.01.11"]
[Round "2"]
[White "Panda Sambit"]
[Black "Agrest, Inna"]
[Result "1-0"]
[Board "157"]
[TimeControl "180+1"]
[WhiteFideId "25091794"]
[BlackFideId "1708830"]
[WhiteElo "2581"]
[BlackElo "2343"]
[WhiteTeam "IND"]
[BlackTeam "SWE"]
[WhiteClock "0:01:02"]
[BlackClock "0:00:01"]

1. d4 Nf6 2. Nf3 g6 3. Bg5 Bg7 4. Nbd2 d6 5. e3 h6 6. Bh4 O-O 7. Be2 Nbd7 8. O-O Qe8 9. Re1 e5 10. e4 Nh5 11. c3 Nf4 12. Bf1 exd4 13. cxd4 c5 14. Nc4 cxd4 15. Nxd4 g5 16. Bg3 Ne5 17. Nxd6 Qd8 18. N4f5 Bxf5 19. Nxf5 Re8 20. Nxg7 Kxg7 21. Qb3 Qe7 22. f3 Rac8 23. Bf2 b6 24. Rac1 Red8 25. Rcd1 Rxd1 26. Rxd1 Rd8 27. Rxd8 Qxd8 28. Qc3 f6 29. Bd4 Qd6 30. Be3 Ne6 31. Be2 Nc6 32. Bc4 Nf4 33. Bxf4 Qxf4 34. Bd5 Ne7 35. g3 Qd6 36. Qd4 Ng6 37. Kf2 Ne5 38. Qc3 Kg6 39. f4 Ng4+ 40. Ke2 gxf4 41. Qf3 Ne5 42. Qxf4 Qc5 43. Qd2 Qb5+ 44. Kf2 Qc5+ 45. Kg2 h5 46. Be6 1-0

[Event "January 9 Early 2024"]
[Site "https://www.chess.com"]
[Date "2024.01.11"]
[Round "2"]
[White "Ladan, Nicholas"]
[Black "Garcia Correa, Jose Ricardo"]
[Result "1-0"]
[Board "158"]
[TimeControl "180+1"]
[WhiteFideId "30918855"]
[BlackFideId "5101832"]
[WhiteElo "2485"]
[BlackElo "2223"]
[WhiteTeam "USA"]
[BlackTeam "MEX"]
[WhiteClock "0:00:34"]
[BlackClock "0:00:01"]

1. Nf3 c5 2. g3 d5 3. Bg2 Nc6 4. O-O Nf6 5. d3 e5 6. c3 Bd6 7. Nbd2 O-O 8. Re1 Bg4 9. Qa4 a6 10. e4 b5 11. Qc2 d4 12. h3 Bd7 13. a3 Rc8 14. c4 b4 15. Nh2 a5 16. Ndf1 h6 17. f4 Ne7 18. f5 Kh8 19. g4 Nfg8 20. Ng3 Nc6 21. Kh1 Be7 22. Rg1 Bh4 23. Nh5 g6 24. Bf3 gxh5 25. gxh5 Bg5 26. Qg2 Qf6 27. Ng4 Qg7 28. Nf2 Qh7 29. Bxg5 hxg5 30. Qxg5 Qh6 31. h4 Nce7 32. Ng4 Qh7 33. Nxe5 f6 34. Ng6+ Kg7 35. Qg3 Nxg6 36. hxg6 Qh6 37. Rae1 Rfe8 38. Rg2 1-0

[Event "January 9 Early 2024"]
[Site "https://www.chess.com"]
[Date "2024.01.11"]
[Round "2"]
[White "Richter, Paul"]
[Black "Wojtaszek, Radoslaw"]
[Result "0-1"]
[Board "159"]
[TimeControl "180+1"]
[WhiteFideId "2046350"]
[BlackFideId "1118358"]
[WhiteElo "2554"]
[BlackElo "2847"]
[WhiteTeam "USA"]
[BlackTeam "POL"]
[WhiteClock "0:00:04"]
[BlackClock "0:00:23"]

1. e4 c6 2. Nc3 d5 3. Nf3 Bg4 4. h3 Bxf3 5. Qxf3 e6 6. g3 Nf6 7. Bg2 Be7 8. d3 O-O 9. O-O a5 10. g4 a4 11. a3 dxe4 12. dxe4 e5 13. Be3 Nfd7 14. Rfd1 Bg5 15. Bf1 Qe7 16. Bc4 Bxe3 17. Qxe3 b5 18. Ba2 Na6 19. Rd2 Nac5 20. Rad1 Rab8 21. Kg2 b4 22. Nxa4 Rb7 23. Nxc5 Nxc5 24. Rd6 Na4 25. Qb3 Nc5 26. Qc4 Ne6 27. axb4 Nf4+ 28. Kg3 h5 29. Rxc6 Rxb4 30. Qc5 Ne2+ 31. Kh2 Qh4 32. Qxf8+ Kxf8 33. Rc8+ Ke7 34. Rc7+ Kf6 35. Rc6+ Kg5 0-1

[Event "January 9 Early 2024"]
[Site "https://www.chess.com"]
[Date "2024.01.11"]
[Round "2"]
[White "Ozer, Omer Faruk"]
[Black "Sultanbek, Zeinep"]
[Result "1-0"]
[Board "160"]
[TimeControl "180+1"]
[WhiteFideId "6354564"]
[BlackFideId "13710419"]
[WhiteElo "2726"]
[BlackElo "2319"]
[WhiteTeam "TUR"]
[BlackTeam "KAZ"]
[WhiteClock "0:00:17"]
[BlackClock "0:00:03"]

1. d4 d5 2. c4 e6 3. Nc3 Be7 4. e4 dxe4 5. Nxe4 Bb4+ 6. Nc3 c5 7. a3 Ba5 8. Be3 Nf6 9. dxc5 Bxc3+ 10. bxc3 Qa5 11. Qb3 O-O 12. Nf3 Ne4 13. Qb4 Qc7 14. Bd3 Na6 15. Qb1 Nf6 16. Bd4 Nxc5 17. Bxf6 Nxd3+ 18. Qxd3 gxf6 19. O-O b6 20. Qd4 e5 21. Qh4 Bb7 22. Qxf6 Bxf3 23. gxf3 Qd8 24. Qxe5 Re8 25. Qh5 Qf6 26. Kh1 Re5 27. Rg1+ Kh8 28. Qg4 Rf5 29. Rg3 h5 30. Qe4 1-0

[Event "January 9 Early 2024"]
[Site "https://www.chess.com"]
[Date "2024.01.11"]
[Round "2"]
[White "Espinoza Villanueva, Rodrigo"]
[Black "De Souza, Cristiano Gomes"]
[Result "1-0"]
[Board "161"]
[TimeControl "180+1"]
[WhiteFideId "5140188"]
[BlackFideId "2151758"]
[WhiteElo "2597"]
[BlackElo "2243"]
[WhiteTeam "MEX"]
[BlackTeam "BRA"]
[WhiteClock "0:00:23"]
[BlackClock "0:00:14"]

1. Nf3 Nf6 2. g3 g6 3. Bg2 Bg7 4. O-O d6 5. d3 O-O 6. Nc3 c5 7. Nh4 Nc6 8. f4 Bd7 9. f5 Rb8 10. e4 b5 11. Ne2 b4 12. h3 Ne8 13. g4 Nc7 14. Ng3 Nb5 15. Nf3 Ncd4 16. h4 Nxf3+ 17. Qxf3 Nd4 18. Qf2 a5 19. Kh1 a4 20. Rb1 Bb5 21. h5 Be5 22. Be3 a3 23. bxa3 bxa3 24. c3 Nc6 25. c4 Ba4 26. Bh6 Bg7 27. Bxg7 Kxg7 28. Qf4 Ne5 29. Rxb8 Qxb8 30. f6+ Kg8 31. fxe7 Re8 32. Nf5 gxf5 33. Qg5+ Kh8 34. Qf6+ Kg8 35. h6 1-0

[Event "January 9 Early 2024"]
[Site "https://www.chess.com"]
[Date "2024.01.11"]
[Round "2"]
[White "Yelisieiev, Yevhenii"]
[Black "Santeramo, Alessia Carmen"]
[Result "1-0"]
[Board "162"]
[TimeControl "180+1"]
[WhiteFideId "14139642"]
[BlackFideId "850810"]
[WhiteElo "2526"]
[BlackElo "2319"]
[WhiteTeam "GER"]
[BlackTeam "ITA"]
[WhiteClock "0:00:08"]
[BlackClock "0:00:15"]

1. d4 Nf6 2. Nf3 c5 3. d5 b5 4. c4 b4 5. Qc2 g6 6. e4 Bg7 7. e5 Ng8 8. Bf4 d6 9. exd6 exd6 10. Bd3 Ne7 11. a3 Na6 12. Qa4+ Kf8 13. Ra2 Rb8 14. Qd1 b3 15. Ra1 Bxb2 16. Nbd2 Bxa1 17. Qxa1 b2 18. Bh6+ Kg8 19. Qb1 Bf5 20. O-O Bxd3 21. Qxd3 Nf5 22. Ne4 Nxh6 23. Rb1 f5 24. Neg5 Nc7 25. Qc3 Ng4 26. h3 Qf6 27. Qa5 Rb7 28. hxg4 fxg4 29. Ne6 Nxe6 30. dxe6 gxf3 31. Qa6 Qg5 32. g3 Qf5 33. Qxb7 Qxb1+ 34. Kh2 Qc2 35. Qf7# 1-0

[Event "January 9 Early 2024"]
[Site "https://www.chess.com"]
[Date "2024.01.11"]
[Round "2"]
[White "Malikova, Marjona"]
[Black "Batsiashvili, Nino"]
[Result "0-1"]
[Board "163"]
[TimeControl "180+1"]
[WhiteFideId "14212463"]
[BlackFideId "13602993"]
[WhiteElo "2298"]
[BlackElo "2522"]
[WhiteTeam "UZB"]
[BlackTeam "GEO"]
[WhiteClock "0:00:19"]
[BlackClock "0:00:16"]

1. d4 g6 2. c4 f5 3. Nc3 Nf6 4. g3 Bg7 5. Bg2 O-O 6. Nh3 d6 7. O-O e5 8. d5 h6 9. f3 a5 10. Nf2 Na6 11. a3 Nc5 12. Be3 g5 13. Bxc5 dxc5 14. e4 f4 15. g4 h5 16. h3 Rf7 17. Nb5 Bf8 18. b4 axb4 19. axb4 Rxa1 20. Qxa1 Qe8 21. bxc5 Bxc5 22. Kh1 hxg4 23. fxg4 f3 24. Bxf3 Nxd5 25. Nd3 Ne3 26. Nxe5 Nxf1 27. Nxf7 Qxf7 28. Qxf1 c6 29. Nc3 Be6 30. Be2 Qg7 31. Na4 Bd4 32. Qd1 Qe5 33. Bd3 Qg3 34. Qf1 Kg7 35. c5 Bb3 36. Nb6 Bd1 37. Qxd1 Qxh3# 0-1

[Event "January 9 Early 2024"]
[Site "https://www.chess.com"]
[Date "2024.01.11"]
[Round "2"]
[White "Petrovic, Aleksa"]
[Black "Wendt, Jan-Dietrich"]
[Result "1-0"]
[Board "164"]
[TimeControl "180+1"]
[WhiteFideId "967629"]
[BlackFideId "4623797"]
[WhiteElo "2611"]
[BlackElo "2353"]
[WhiteTeam "SRB"]
[BlackTeam "GER"]
[WhiteClock "0:00:32"]
[BlackClock "0:00:12"]

1. Nc3 g6 2. g3 Bg7 3. Bg2 c5 4. e4 Nc6 5. f4 e6 6. Nf3 Nge7 7. O-O d6 8. d3 O-O 9. g4 f5 10. gxf5 exf5 11. Qe1 Kh8 12. Qh4 Be6 13. Bd2 Nd4 14. Nxd4 Bxd4+ 15. Kh1 Nc6 16. Qg3 Qd7 17. a3 Rae8 18. Rae1 b6 19. Nd1 Bg7 20. c3 d5 21. e5 d4 22. c4 a5 23. Nf2 Rb8 24. Nh3 b5 25. cxb5 Rxb5 26. Bc1 c4 27. Ng5 c3 28. bxc3 dxc3 29. h4 Nd4 30. Rg1 Bd5 31. Bxd5 Qxd5+ 32. Kh2 c2 33. h5 h6 34. hxg6 Rb7 35. e6 Bf6 36. Nf7+ Kg7 37. Qh3 Nf3+ 38. Kg3 Rfxf7 39. gxf7 Nxg1 40. Rxg1 Qxd3+ 41. Kh2+ 1-0

[Event "January 9 Early 2024"]
[Site "https://www.chess.com"]
[Date "2024.01.11"]
[Round "2"]
[White "Md, Sariatullah"]
[Black "Manukian, Artak"]
[Result "0-1"]
[Board "165"]
[TimeControl "180+1"]
[WhiteFideId "10207333"]
[BlackFideId "13301373"]
[WhiteElo "2207"]
[BlackElo "2480"]
[WhiteTeam "BAN"]
[BlackTeam "ARM"]
[WhiteClock "0:00:06"]
[BlackClock "0:00:34"]

1. e4 c6 2. d4 d5 3. e5 Bf5 4. Ne2 e6 5. Ng3 Bg6 6. h4 h6 7. h5 Bh7 8. Bd3 Bxd3 9. cxd3 c5 10. dxc5 Bxc5 11. d4 Bb4+ 12. Nc3 Nc6 13. Qg4 Kf8 14. O-O Nge7 15. Be3 Qd7 16. f4 Bxc3 17. bxc3 Nf5 18. Nxf5 exf5 19. Qf3 Na5 20. Rfe1 Re8 21. Bf2 Nc4 22. Re2 Kg8 23. Rb1 Kh7 24. a4 a6 25. Kh2 Re6 26. g4 Rb6 27. Rg1 Re8 28. g5 Kh8 29. Bh4 Rg8 30. Reg2 Qxa4 31. gxh6 Rxh6 32. Bf6 Nd2 33. Qe2 Qc4 34. Qd1 Qxc3 35. Rxg7 Nf1+ 36. Kh1 Qh3# 0-1

[Event "January 9 Early 2024"]
[Site "https://www.chess.com"]
[Date "2024.01.11"]
[Round "2"]
[White "Osinovsky, Stepan"]
[Black "Cieslak, Patryk"]
[Result "0-1"]
[Board "166"]
[TimeControl "180+1"]
[WhiteFideId "4157354"]
[BlackFideId "21078882"]
[WhiteElo "2394"]
[BlackElo "2681"]
[WhiteTeam "RUS"]
[BlackTeam "POL"]
[WhiteClock "0:00:01"]
[BlackClock "0:00:44"]

1. Nf3 d6 2. g3 e6 3. Bg2 Ne7 4. O-O Nd7 5. e4 g6 6. Re1 Bg7 7. h4 h6 8. d4 O-O 9. Bf4 e5 10. Be3 exd4 11. Nxd4 Ne5 12. Nc3 Bg4 13. f3 Bd7 14. Qe2 N7c6 15. Nb3 a5 16. a4 Be6 17. Rad1 Bc4 18. Qf2 Re8 19. Nd5 Nb4 20. Nf4 Kh7 21. Nd4 Nbc6 22. Nb5 Nd7 23. Nd5 Bxd5 24. exd5 Nb4 25. c3 Na6 26. h5 Nac5 27. hxg6+ fxg6 28. Bd4 Ne5 29. Bxc5 dxc5 30. d6 cxd6 31. Nxd6 Rf8 32. Nc4 Qc7 33. Nxe5 Bxe5 34. f4 Bg7 35. Re6 Rae8 36. Rde1 Rxe6 37. Rxe6 Qd7 38. Qe2 Qxa4 39. Be4 Rf6 40. Bc2 Rxe6 41. Qd3 Qa1+ 42. Kg2 Qxb2 43. f5 Rf6 44. fxg6+ Kh8 0-1